 Seeded DCSS version 0.32-a0-909-gc671339a80 (webtiles) character file.

Game seed: 17073724502869601980 (custom seed)

1780 timneilson the Ruffian (level 9, -2/57 HPs)
             Began as an Octopode Shapeshifter on Apr 6, 2024.
             Was an Initiate of Gozag.
             Shot with a bolt by an orc warrior (24 damage)
             ... on level 7 of the Dungeon.
             The game lasted 00:12:38 (6644 turns).

timneilson the Ruffian (Octopode Shapeshifter)      Turns: 6644, Time: 00:12:39

Health: -2/57      AC:  1    Str: 17    XL:     9   Next: 8%
Magic:  9/9        EV: 13    Int: 13    God:    Gozag
Gold:   1003       SH:  0    Dex: 11    Spells: 8/8 levels left

rFire   . .          .
                       - Unarmed
rCold   . . .        d - +3 buckler "Huniod" {rPois rN+}
rNeg    + . .        (helmet currently unavailable)
rPois   +            (no amulet)
rElec   .            l - ring of see invisible
rCorr   +            o - ring of resist corrosion
SInv    +            (no ring)
Will    .....        (no ring)
Stlth   ++           (no ring)
HPRegen 0.29/turn    (no ring)
MPRegen 0.11/turn    (no ring)
                     (no ring)

%: no passive effects
@: confused, beast-form, gold aura, studying Unarmed Combat
A: beast (slay +3), almost no armour, amphibious, 8 rings, camouflage 1,
gelatinous body 1, (nimble swimmer 1), tentacles
a: Begin Untransformation, Renounce Religion, Potion Petition, Call Merchant,
Bribe Branch


You were on level 7 of the Dungeon.
You worshipped Gozag.
Gozag was most pleased with you.
You were a hulking beast.
You visited 2 branches of the dungeon, and saw 8 of its levels.

You collected 1068 gold pieces.
You paid 65 gold pieces to Gozag.

Inventory:

Missiles
 w - a throwing net
 z - 3 poisoned darts (quivered)
Armour
 d - the +3 buckler "Huniod" (worn) {rPois rN+}
   (You acquired it on level 1 of the Dungeon)

   rPois:     It protects you from poison.
   rN+:       It protects you from negative energy.
 j - a +2 hat
Jewellery
 l - a ring of see invisible (left tentacle)
 o - a ring of resist corrosion (right tentacle)
Talismans
 b - a beast talisman (active)
 c - a flux talisman
 g - a granite talisman
 t - a dragon-blood talisman
Wands
 m - a wand of roots (21)
 v - a wand of flame (17)
Scrolls
 r - a scroll of fear
 s - 2 scrolls of amnesia
 A - a scroll of teleportation
 B - a scroll of summoning {unknown}
Potions
 a - 3 potions of lignification
 e - a potion of mutation
 f - a potion of haste {unknown}
 h - 2 potions of might
 i - 2 potions of curing
 k - a potion of berserk rage {unknown}
 n - a potion of magic {unknown}
 p - a potion of degeneration {unknown}
 q - 2 potions of ambrosia
 u - a potion of heal wounds {unknown}
 x - 2 potions of attraction
 C - a potion of enlightenment {unknown}


   Skills:
 + Level 3.5 Fighting
 * Level 5.4 Dodging
 + Level 5.0 Stealth
 + Level 3.1 Shields
 * Level 7.7 Unarmed Combat
 + Level 3.4 Evocations
 * Level 5.5 Shapeshifting


You had 8 spell levels left.
You didn't know any spells.
Your spell library contained the following spells:

 Spells                   Type           Power      Damage    Failure   Level
 Summon Ice Beast         Ice/Summ       0%         N/A       75%         3
 Summon Mana Viper        Hex/Summ       0%         N/A       100%        5
 Monstrous Menagerie      Summ           0%         N/A       100%        7


Dungeon Overview and Level Annotations

Branches:
Dungeon (7/15)             Temple (1/1) D:5

Altars:
Ashenzari
Cheibriados
Dithmenos
Elyvilon
Fedhas
Gozag
Hepliaklqana
Kikubaaqudgha
Makhleb
Nemelex Xobeh
Okawaru
Ru
Sif Muna
Uskayaw
Vehumet
Xom
Yredelemnul
Zin
The Shining One


Innate Abilities, Weirdness & Mutations

You are a hulking beast.
Your limbs bulge with bestial killing power. (Slay +3)
You cannot wear most types of armour.
You are amphibious.
You can wear up to eight rings at the same time.
Your skin changes colour to match your surroundings (Stealth+).
Your rubbery body absorbs attacks. (AC +1, EV +1)
((You are camouflaged when in or above water. (Stealth+)))
You have tentacles for arms and can constrict up to eight enemies at once.


Message History

The orc warrior shoots a bolt.
You block the bolt.
Okay, then.
You start resting.
HP restored.
You see here a ring of magical power.
An orc priest comes into view. It is wielding a +0 mace of protection.
Things that are here:
a +0 hand axe; 2 boomerangs; a +0 scale mail The orc priest calls down the wrath of Beogh upon you.
Pain shoots through your body!
An orc wizard comes into view. It is wielding a +0 dagger.
You tentacle-slap the orc priest but do no damage.
Your grab misses the orc priest.
The orc warrior shouts!
You tentacle-slap the orc priest. You grab the orc priest.
The orc priest is lightly wounded.
You constrict the orc priest, but do no damage.
The orc priest hits you with a +0 mace of protection.
The orc warrior shoots a bolt.
The bolt closely misses you.
You tentacle-slap the orc priest but do no damage.
The orc priest is lightly wounded.
You constrict the orc priest, but do no damage.
You block the orc priest's attack.
The orc warrior shoots a bolt.
The bolt hits you!
You tentacle-slap the orc priest. You squeeze the orc priest!
The orc priest is almost dead.
You constrict the orc priest.
You kill the orc priest!
The orc wizard casts a spell.
The orc wizard flickers and vanishes for a moment.
The orc warrior shoots a bolt.
You block the bolt.
Your Stealth skill increases to level 5!
The orc wizard gestures at you while chanting.
You are confused.
The orc warrior shoots a bolt.
The bolt hits you!!
You're too confused to move!
The orc wizard gestures at you while chanting.
The puff of flame hits you.
The orc warrior shoots a bolt.
The bolt hits you!!
You die...
Your body crumbles into a pile of gold.

......... #.#.###...)...#
###...### #.#.###.......#
#.#...........#
####.############# ##+#
#....## ......'.#...####
≈...≈.# #..)=..###########
≈._.≈. #...##............
≈...≈.###h################
......'...#####
#'####.......# #..$.#.##.#
..o......# #.#.#......# #
#..o#..# ....#..#
.#.......


You could see an orc warrior and an orc wizard (invisible).

Vanquished Creatures
  2 water moccasins
  A black bear (D:6)
  An ogre (D:6)
  2 centaurs
  2 phantoms (D:5)
  2 scorpions (D:5)
  A bullfrog (D:7)
  A gnoll sergeant (D:7)
  2 howler monkeys (D:7)
  4 hounds
  5 orc priests
  2 sleepcaps
  2 iguanas
  2 orc wizards (D:7)
  9 gnolls
  11 adders
  2 ufetubi (D:6)
  3 dart slugs
  25 orcs
  8 endoplasms
  5 giant cockroaches
  8 hobgoblins
  11 jackals
  3 quokkas
  3 ball pythons
  11 bats
  7 frilled lizards
  6 goblins
  9 kobolds
  5 rats
155 creatures vanquished.

Notes
Turn   | Place    | Note
-------+----------+-------------------------------------------
     0 | D:1      | timneilson the Octopode Shapeshifter began the quest for
                  | the Orb.
     0 | D:1      | Reached XP level 1. HP: 13/13 MP: 1/1
   125 | D:1      | Identified a scroll of acquirement
   125 | D:1      | Acquired the +3 buckler "Huniod" {rPois rN+}
   271 | D:1      | Reached XP level 2. HP: 18/18 MP: 2/2
   751 | D:2      | Reached skill level 1 in Stealth
   763 | D:2      | Reached XP level 3. HP: 17/23 MP: 3/3
   946 | D:3      | Found a faded altar of an unknown god.
  1048 | D:4      | Acquired a manual of Unarmed Combat
  1061 | D:5      | Entered Level 5 of the Dungeon
  1072 | D:5      | Found a staircase to the Ecumenical Temple.
  1080 | Temple   | Entered the Ecumenical Temple
  1099 | Temple   | Became a worshipper of Gozag Ym Sagoz the Greedy
  1407 | D:2      | Reached XP level 4. HP: 28/28 MP: 4/4
  2139 | D:3      | Reached skill level 1 in Shields
  2232 | D:3      | Found a radiant altar of Vehumet.
  2252 | D:3      | Reached XP level 5. HP: 34/34 MP: 5/5
  2546 | D:3      | Reached skill level 4 in Unarmed Combat
  3088 | D:3      | Reached skill level 1 in Evocations
  3287 | D:4      | Reached XP level 6. HP: 25/39 MP: 6/6
  3885 | D:5      | Reached skill level 5 in Unarmed Combat
  3930 | D:5      | Reached XP level 7. HP: 22/45 MP: 7/7
  4304 | D:5      | Reached skill level 6 in Unarmed Combat
  4304 | D:5      | Reached XP level 8. HP: 42/51 MP: 8/8
  4938 | D:6      | Reached skill level 5 in Shapeshifting
  5865 | D:7      | Found a shimmering blue altar of Sif Muna.
  5880 | D:7      | Found an iron altar of Okawaru.
  5943 | D:7      | Reached skill level 5 in Dodging
  5943 | D:7      | Reached skill level 7 in Unarmed Combat
  6495 | D:7      | Reached XP level 9. HP: 57/57 MP: 9/9
  6535 | D:7      | Found a broken altar of Ashenzari.
  6642 | D:7      | Reached skill level 5 in Stealth
  6644 | D:7      | Shot with a bolt by an orc warrior

Illustrated notes

Levels and vault maps discovered:
D:1:      lightli_arrival_windingriver, layout_loops_ring
D:2:      layout_basic, dk_noncrumbling_3
D:3:      layout_loops_corners, mainiacjoe_overflow_boulevard,
          shapermc_ecumenical_altar_gd, minmay_misc_feat_alley, st_stairs_8
D:4:      layout_gridville, lemuel_flame_loot_1
D:5:      layout_basic, minmay_temple_entry_stoned_glass
D:6:      layout_basic, grunt_decor_mini_mirrors
D:7:      layout_loops_cross, mainiacjoe_overflow_six_doors_small,
          lemuel_round_altar, lemuel_blue_sif_altar
Temple:   nicolae_temple_superstar

Skill      XL: |  1  2  3  4  5  6  7  8  9 |
---------------+----------------------------+-----
Stealth        | 1 2 3 4 5 |  5.0
Shields        | 1 2 3 |  3.1
Unarmed Combat | 4 5 6 7 |  7.7
Dodging        | 3 4 5 |  5.4
Evocations     | 1 2 3 |  3.4
Fighting       | 2 3 |  3.5
Shapeshifting  | 4 5 |  5.5

Action                     |  1- 3 |  4- 6 |  7- 9 || total
---------------------------+-------+-------+-------++-------
  Melee: Unarmed           |    63 |   141 |   123 ||   327
         Constrict         |    19 |    30 |    37 ||    86
         Tentacles         |    11 |    24 |    31 ||    66
         Punch             |     1 |     4 |     6 ||    11
  Throw: Dart              |       |       |     1 ||     1
    Use: Scroll            |     4 |     5 |     6 ||    15
         Potion            |       |     2 |       ||     2
   Stab: Sleeping          |    10 |    17 |     9 ||    36
 Armour: Skin              |    22 |    50 |    65 ||   137
  Dodge: Dodged            |    28 |    45 |    51 ||   124
  Block: Buckler           |    11 |    29 |    35 ||    75

Table legend: (Time is in decaauts)
 A = Elapsed time spent in this place.
 B = Non-inter-level travel time spent in this place.
 C = Inter-level travel time spent in this place.
 D = Time resting spent in this place.
 E = Time spent auto-exploring this place.
 F = Levels seen in this place.
 G = Mean time per level.
                   A        B        C        D        E       F      G
               +--------+--------+--------+--------+--------+-----+--------+
         Total |   6625 |   6442 |    183 |    610 |   4243 |   8 |  828.1 |
       Dungeon |   6587 |   6422 |    165 |    610 |   4243 |   7 |  941.0 |
        Temple |     38 |     20 |     18 |      0 |      0 |   1 |   38.0 |
               +--------+--------+--------+--------+--------+-----+--------+

Top non-repeatable levels by time:
     D:6: 1208 daAuts
     D:4: 1068 daAuts
     D:2: 955 daAuts
     D:3: 954 daAuts
     D:7: 859 daAuts
     D:5: 853 daAuts
     D:1: 688 daAuts
  Temple: 38 daAuts
